 Dungeon Crawl Stone Soup version 0.31-a0-1356-gade28b5 (webtiles) character file.

Game seed: 15777776481904055601

1532451 Wizard1ke the Ghoulish Barricade (level 27, 233/233 HPs)
             Began as a Ghoul Conjurer on Dec 22, 2023.
             Was the Champion of Vehumet.
             Escaped with the Orb
             ... and 3 runes!
             The game lasted 04:03:33 (85053 turns).

Wizard1ke the Ghoulish Barricade (Ghoul Conjurer)  Turns: 85053, Time: 04:03:33

Health: 233/233    AC: 17    Str: 11    XL:     27
Magic:  42/42      EV: 11    Int: 38    God:    Vehumet [******]
Gold:   7872       SH: 31    Dex:  7    Spells: 3/56 levels left

rFire   + + +        L - staff of the Protecting Gnat {rPois rF+ Str-4 Conj Alchemy}
rCold   + . .        i - +8 tower shield {AC+3}
rNeg    + + +        z - +2 robe {rC+ rF+}
rPois   ∞            h - +2 helmet {SInv}
rElec   +            J - +0 cloak "Reck" {rPois Regen+ Slay+6}
rCorr   .            e - +2 pair of gloves
SInv    +            Y - +2 pair of boots {Fly}
Will    +++++        S - amulet of magic regeneration
Stlth   +            H - ring of Tuibo {rElec rF+ rC- Will+++ Int+6}
HPRegen 1.38/turn    g - ring of the Curupira {Wiz rF+ Int+5 Stlth+}
MPRegen 0.68/turn

%: wizardry (x1)
@: flying, studying Ranged Weapons
A: claws 1, cold resistance 1, negative energy resistance 3, inhibited
regeneration, torment resistance 2, devour on kill
0: Orb of Zot
}: 3/15 runes: decaying, silver, gossamer
a: Renounce Religion


You escaped.
You worshipped Vehumet.
Vehumet was exalted by your worship.
You visited 11 branches of the dungeon, and saw 51 of its levels.
You also visited: Ossuary, Ice Cave, Wizlab and Desolation.

You collected 11055 gold pieces.
You spent 3183 gold pieces at shops.

Inventory:

Hand Weapons
 C - a +0 scythe
Missiles
 O - 18 curare-tipped darts
 U - 6 throwing nets
Armour
 e - a +2 pair of gloves (worn)
 h - a +2 helmet of see invisible (worn)
 i - a +8 tower shield of protection (worn)
 z - a +2 robe of resistance (worn)
 J - the +0 cloak "Reck" (worn) {rPois Regen+ Slay+6}
   (You found it on level 15 of the Dungeon)

   Slay+6:    It affects your accuracy & damage with ranged weapons and melee
   (+6).
   rPois:     It protects you from poison Regen+: It increases your rate of
   health regeneration.
 Y - a +2 pair of boots of flying (worn)
Magical Staves
 L - the staff of the Protecting Gnat (weapon) {rPois rF+ Str-4 Conj Alchemy}
   (You found it on level 5 of the Vaults)

   [staff of alchemy]

   Base accuracy: +5 Base damage: 5 Base attack delay: 1.2 This weapon's minimum
   attack delay (0.6) is reached at skill level 12.
   Str-4:     It affects your strength (-4).
   rF+:       It protects you from fire.
   rPois:     It protects you from poison Conj: It increases the power of your
   Conjurations spells.
   Alchemy:   It increases the power of your Alchemy spells.
   It falls into the 'Staves' category.
   It is a one-clawed weapon.
Jewellery
 g - the ring of the Curupira (right hand) {Wiz rF+ Int+5 Stlth+}
   (You acquired it on level 1 of the Vaults)

   [ring of wizardry]

   Wiz:       It improves your spell success rate.
   Int+5:     It affects your intelligence (+5).
   rF+:       It protects you from fire.
   Stlth+:    It makes you more stealthy.
 q - a +4 ring of protection
 w - an amulet of faith
 B - the ring "Betolaco" {rF+ Will+ SInv}
   (You found it on level 3 of the Crypt)

   [ring of see invisible]

   rF+:       It protects you from fire.
   Will+:     It increases your willpower.
   SInv:      It lets you see invisible.
 H - the ring of Tuibo (left hand) {rElec rF+ rC- Will+++ Int+6}
   (You took it off a fire giant on level 5 of the Vaults)

   [ring of protection from fire]

   Int+6:     It affects your intelligence (+6).
   rF+:       It protects you from fire.
   rC-:       It makes you vulnerable to cold.
   rElec:     It insulates you from electricity.
   Will+++:   It greatly increases your willpower.
 Q - a ring of resist corrosion
 S - an amulet of magic regeneration (around neck)
Wands
 a - a wand of acid (16)
 v - a wand of mindburst (28)
 x - a wand of digging (19)
 R - a wand of iceblast (55)
 W - a wand of polymorph (12)
 Z - a wand of charming (37)
Scrolls
 c - 6 scrolls of enchant armour
 f - 9 scrolls of poison
 j - 6 scrolls of vulnerability
 p - 3 scrolls of blinking
 s - 5 scrolls of silence {!r}
 t - 5 scrolls of immolation
 y - 3 scrolls of fog
 A - 2 scrolls of brand weapon
 E - 8 scrolls of teleportation
 M - 3 scrolls of revelation
 N - 6 scrolls of torment
 P - 4 scrolls of summoning
 V - a scroll of fear
Potions
 b - 5 potions of magic
 d - 11 potions of attraction
 k - 7 potions of lignification
 l - 25 potions of curing
 m - 3 potions of haste
 n - 9 potions of cancellation
 r - a potion of invisibility
 u - 5 potions of enlightenment
 F - 2 potions of brilliance
 G - 7 potions of ambrosia
 I - 6 potions of heal wounds
 K - 3 potions of resistance
Miscellaneous
 o - a lightning rod (4/4)
 D - a sack of spiders
 T - a condenser vane
 X - a phial of floods


   Skills:
 + Level 16.5 Fighting
 - Level 1.7 Dodging
 - Level 2.1 Stealth
 O Level 27 Shields
 - Level 15.0 Spellcasting
 - Level 20.0 Conjurations
 - Level 10.0 Summonings
 - Level 2.0 Translocations
 + Level 19.1 Earth Magic
 - Level 12.1 Alchemy
 - Level 6.0 Evocations


You had 3 spell levels left.
You knew the following spells:

 Your Spells              Type           Power      Damage    Failure   Level
a - Shatter               Erth           54%        3d41*     5%          9
b - Blink                 Tloc           86%        N/A       1%          2
c - Lehudib's Crystal Sp  Conj/Erth      66%        10d15     1%          8
d - Irradiate             Conj/Alch      74%        3d36      1%          5
e - Iskenderun's Mystic   Conj/Tloc      100%       2d19      1%          4
f - Orb of Destruction    Conj           67%        9d16      1%          7
g - Bombard               Conj/Erth      66%        9d11      1%          6
h - Lee's Rapid Deconstr  Erth           54%        3d25*     0%          5
i - Spellforged Servitor  Conj/Summ      59%        N/A       1%          7

Your spell library contained the following spells:

 Spells                   Type           Power      Damage    Failure   Level
 Chain Lightning          Conj/Air       51%        3d68      80%         9
 Kiss of Death            Conj/Necr      100%       2d13      0%          1
 Magic Dart               Conj           100%       1d8       0%          1
 Sandblast                Erth           100%       2d20      0%          1
 Shock                    Conj/Air       100%       1d9       0%          1
 Sting                    Conj/Alch      100%       1d9       0%          1
 Momentum Strike          Conj/Tloc      100%       3d10      0%          2
 Passwall                 Alch/Erth      100%       N/A       0%          2
 Searing Ray              Conj           100%       2d8       0%          2
 Stone Arrow              Conj/Erth      100%       3d13      0%          3
 Apportation              Tloc           86%        N/A       1%          1
 Freeze                   Ice            100%       1d10      1%          1
 Call Imp                 Summ           100%       N/A       1%          2
 Ensorcelled Hibernation  Hex/Ice        56%        N/A       1%          2
 Jinxbite                 Hex            56%        N/A       1%          2
 Lesser Beckoning         Tloc           86%        N/A       1%          2
 Mercury Vapours          Alch/Air       100%       N/A       1%          2
 Scorch                   Fire           56%        2d7       1%          2
 Dazzling Flash           Conj/Hex       100%       N/A       1%          3
 Frozen Ramparts          Ice            56%        1d9       1%          3
 Fugue of the Fallen      Necr           28%        N/A       1%          3
 Hailstorm                Conj/Ice       100%       3d16      1%          3
 Inner Flame              Hex/Fire       28%        N/A       1%          3
 Mephitic Cloud           Conj/Alch/Air  100%       N/A       1%          3
 Ozocubu's Armour         Ice            28%        N/A       1%          3
 Summon Guardian Golem    Hex/Summ       61%        N/A       1%          3
 Swiftness                Air            28%        N/A       1%          3
 Volatile Blastmotes      Fire/Tloc      72%        2d16      1%          3
 Brom's Barrelling Bould  Conj/Erth      100%       2d11      0%          4
 Fulminant Prism          Conj/Alch      74%        3d30      0%          4
 Iskenderun's Battlesphe  Conj           100%       2d15      0%          5
 Airstrike                Air            14%        2d(2-18)  1%          4
 Animate Armour           Summ/Erth      100%       N/A       1%          4
 Flame Wave               Conj/Fire      100%       2d21      1%          4
 Ignite Poison            Fire/Alch      84%        N/A       1%          4
 Olgreb's Toxic Radiance  Alch           100%       N/A       1%          4
 Sticky Flame             Fire/Alch      84%        2d13      1%          4
 Alistair's Intoxication  Alch           73%        N/A       1%          5
 Arcjolt                  Conj/Air       51%        1d61      1%          5
 Borgnjor's Vile Clutch   Necr/Erth      39%        N/A       1%          5
 Fireball                 Conj/Fire      51%        3d20      1%          5
 Freezing Cloud           Conj/Ice/Air   43%        6-21      1%          5
 Summon Forest            Summ/Tloc      32%        N/A       1%          5
 Summon Mana Viper        Hex/Summ       61%        N/A       1%          5
 Conjure Ball Lightning   Conj/Air       51%        3x3d18    1%          6
 Eringya's Noxious Bog    Alch           55%        4d6       1%          6
 Starburst                Conj/Fire      51%        6d14      1%          6
 Summon Cactus Giant      Summ           40%        N/A       1%          6
 Manifold Assault         Tloc           43%        N/A       2%          4
 Passage of Golubria      Tloc           43%        N/A       2%          4
 Vhi's Electric Charge    Tloc/Air       72%        N/A       3%          4
 Anguish                  Hex/Necr       14%        N/A       4%          4
 Animate Dead             Necr           28%        N/A       4%          4
 Cause Fear               Hex            14%        N/A       4%          4
 Summon Hydra             Summ           40%        N/A       7%          7
 Agony                    Necr           28%        N/A       13%         5
 Metabolic Englaciation   Hex/Ice        14%        N/A       13%         5
 Silence                  Hex/Air        14%        N/A       13%         5
 Dispersal                Tloc           21%        N/A       32%         6
 Death Channel            Necr           14%        N/A       56%         6
 Simulacrum               Ice/Necr       14%        N/A       56%         6
 Fire Storm               Conj/Fire      51%        8d13      80%         9
 Enfeeble                 Hex            14%        N/A       98%         7
 Ignition                 Fire           14%        3d6       99%         8
 Maxwell's Capacitive Co  Air            14%        ∞         99%         8
 Discord                  Hex            14%        N/A       100%        8
 Disjunction              Tloc           21%        N/A       100%        8
 Dragon's Call            Summ           40%        N/A       100%        9
 Sublimation of Blood     Necr           Unusable   N/A       N/A         2

Dungeon Overview and Level Annotations

Branches:
Dungeon (15/15)            Temple (1/1) D:6            Lair (5/5) D:11
  Swamp (4/4) Lair:2       Spider (4/4) Lair:3        Slime (0/5) Lair:5
    Orc (2/2) D:10            Elf (3/3) Orc:2        Vaults (5/5) D:13
  Crypt (3/3) Vaults:2       Tomb (0/3) Crypt:3      Depths (4/4) D:15
    Zot (5/5) Depths:4    Ossuary (visited)           IceCv (visited)
 WizLab (visited)         Desolation (visited)

Altars:
Ashenzari
Cheibriados
Dithmenos
Fedhas
Gozag
Hepliaklqana
Kikubaaqudgha
Makhleb
Nemelex Xobeh
Okawaru
Qazlal
Ru
Sif Muna
Trog
Uskayaw
Vehumet
Wu Jian
Xom
Yredelemnul
Jiyva

Shops:
D:4 *   D:8 =   D:10 (   D:12 *?   D:14 ?   Orc:2 !=!(   Elf:2 [   Elf:3 [
Vaults:1 ?:(   Vaults:2 [   Vaults:3 :

Portals:
Hell: Depths:1 Depths:2 Depths:3 Depths:4
Abyss: D:12 Depths:3
Pandemonium: Orc:2 Depths:2
Ziggurat: Depths:1

Annotations:
D:6 2 transporters, Bronneh's ghost, novice OnIE
D:12 2 transporters, Jeizer's ghost, journeyman MfGl
Swamp:2 4 transporters, exclusion: orange crystal statue, Gehammu's ghost, journeyman KoBr
Swamp:3 3 runed translucent doors, exclusion: 3 doors, Rehajen's ghost, journeyman FeSu
Spider:3 Roxanne
Elf:2 3 runed translucent doors
Vaults:2 36 runed doors, exclusion: 36 doors
Vaults:5 !vaults warning!vaults warning
Zot:4 exclusions: quicksilver dragon and 1 more exclusion
Zot:5 2 transporters, 1 exclusion


Innate Abilities, Weirdness & Mutations

You are immune to poison.
You have sharp fingernails.
Your flesh is cold resistant. (rC+)
You are immune to negative energy. (rN+++)
You do not regenerate when monsters are visible.
You are immune to unholy pain and torment.
You thrive by killing the living.


Message History

Unknown command.
You feel yourself speed up.
The smoke demon roars!
Momoin gestures.
A lich comes into view.
There is a stone staircase leading up here.
Momoin attacks as it pursues you! You block Momoin's attack.
The lich casts a spell.
The lich seems to speed up.
Momoin attacks as it pursues you! Momoin hits you!! Momoin corrodes you!
Blink to where?
Press: ? - help, Dir - move target
As you read the scroll of blinking, it crumbles to dust.
There is a stone staircase leading up here.
You fly upwards.
There is a stone staircase leading down here.
(D) Dungeon (T) Temple (L) Lair (S) Swamp (N) Spider Nest (M) Slime Pits (O) Orcish Mines (E) Elven Halls (V) Vaults (C) Crypt (W) Tomb (U) Depths (H) Hell (Z) Zot
Where to? (Tab/Enter - D:1 @ (x,y), ? - help)
What level of the Dungeon? (default 1, ? - help)
You are no longer corroded.
There is a stone staircase leading up here.
You fly upwards.
There is a stone staircase leading down here.
Your extra speed is starting to run out.
HP restored.
You feel yourself slow down.
There is a stone staircase leading up here.
You fly upwards.
There is a stone staircase leading down here.
There is a stone staircase leading up here.
You fly upwards.
There is a stone staircase leading down here.
There is an open door here.
There is a fountain of clear blue water here.
There is an open door here.
There is a staircase leading out of the dungeon here.
You have escaped!

#######.##.# #.###
#.)...#.##.#####.###
##.8.8.#.##..........
##...8..#.#####......#
##...8.8.#............#
##........#...###.####.#
#.⌠.⌠.###.#.#####.# #.#
###.....#.'.#.......# #.#
#.'..8..#@#.#.#.##### #..
#.#.....#.+.#.#.# #..
#.#.⌠.⌠.###.#.#.# ###
#.##........#.#.# #
#..##...8.8.#.#.##########
##..##...8..###.##........
##..##.8.8.# #.##.#######
##.##.....# #.##.# #
#.##########.##.# #


There were no monsters in sight!

Vanquished Creatures
  4 dread liches
  Frederick (Crypt:2)
  5 ancient liches
  2 orbs of fire (Zot:5)
  Mara (Vaults:3)
  A juggernaut (Depths:4)
  Sojobo (Vaults:4)
  Xtahua (Depths:3)
  2 Killer Klowns (Zot:5)
  Vv (Depths:2)
  Bai Suzhen (Crypt:2)
  Boris (Vaults:4)
  5 curse toes
  Jory (Vaults:3)
  6 golden dragons
  the Enchantress (Depths:4)
  Arachne (Spider:4)
  An electric golem (Zot:5)
  10 tentacled monstrosities
  7 liches
  An Ice Fiend (D:6)
  4 deep elf blademasters
  Mlioglotl (Spider:3)
  2 titans (Vaults:5)
  4 quicksilver dragons
  17 Orb Guardians
  A walking frostbound tome (Depths:4)
  3 deep elf master archers
  5 sphinxes
  Frances (Swamp:2)
  2 tentacled starspawn (WizLab)
  8 ancient champions
  2 storm dragons (shapeshifter) (Depths:2)
  2 thorn hunters (Swamp:4)
  5 acid blobs (Zot:2)
  Kirke (Spider:3)
  7 death cobs
  Aizul (Spider:4)
  Agnes (Elf:1)
  7 storm dragons
  4 shadow dragons
  4 revenants
  5 protean progenitors
  6 draconian monks
  12 tengu reavers
  17 vault wardens
  6 fire giants
  A fenstrider witch (Swamp:3)
  2 frost giants
  11 deep elf sorcerers
  3 draconian knights
  2 iron dragons
  2 nagarajas (WizLab)
  7 draconian scorchers
  5 deep elf elementalists
  A draconian shifter (Zot:4)
  Louise (Spider:1)
  6 ghost moths
  2 curse skulls
  3 spriggan defenders (Depths:4)
  2 emperor scorpions
  13 ironbound preservers
  A reaper (Crypt:3)
  3 draconian stormcallers
  3 draconian annihilators
  13 very ugly things
  6 war gargoyles
  9 ghouls
  3 formless jellyfish
  5 ironbound thunderhulks
  15 stone giants
  4 demonspawn corrupters (WizLab)
  A broodmother (Spider:2)
  3 green draconians
  4 vampire knights
  8 deep elf death magi
  7 black draconians
  8 eleionomae
  7 deep elf demonologists
  16 yellow draconians
  The ghost of Ehoukk the Eclecticist, a journeyman DjFE of Jiyva (D:13)
  The ghost of Haresteo the Grappler, a journeyman TrSh of Sif Muna (D:13)
  5 white draconians
  3 lorocyprocas (Depths:2)
  7 red draconians
  14 spark wasps
  4 purple draconians
  3 dire elephants
  10 deep elf annihilators
  5 bunyips
  Azrael (Spider:1)
  A blizzard demon (D:15)
  5 fire dragons
  2 crystal guardians
  2 eidola
  A green death (Zot:4)
  8 ettins
  A merfolk javelineer (Depths:3)
  Josephine (Lair:3)
  7 jiangshi
  2 merfolk impalers (Depths:3)
  A shambling mangrove (Swamp:4)
  A quicksilver dragon zombie (D:15)
  A spriggan zombie (Crypt:1)
  11 yaktaur captains
  3 rakshasas (Depths:3)
  A ragged hierophant (Desolation)
  9 deep elf high priests
  5 ice dragons
  5 entropy weavers
  Harold (Orc:1)
  4 jorogumos
  3 servants of whispers
  11 great orbs of eyes
  3 peacekeepers
  3 ghost crabs
  26 hydras
  Erolcha (D:10)
  4 catoblepae
  2 demonspawn (Orc:2)
  A hell beast (Zot:5)
  6 spriggan air magi
  3 ogre magi (Vaults:5)
  29 vault guards
  5 ironbound frosthearts
  3 salamander tyrants (Depths:2)
  A juggernaut simulacrum (Depths:2)
  An anaconda (WizLab)
  7 centaur warriors
  9 alligators
  16 boulder beetles
  A two-headed ogre (shapeshifter) (Depths:2)
  5 death knights
  A death scarab (Spider:1)
  A merfolk aquamancer (WizLab)
  7 radroaches
  An azure jelly zombie (Crypt:1)
  5 two-headed ogres
  13 dancing weapons
  6 death yaks
  9 deep troll shamans
  6 occultists
  5 tengu warriors
  5 vampire magi
  5 orc high priests (Orc:2)
  2 deep troll earth magi (Depths:2)
  15 demonic crawlers
  5 spriggan berserkers
  A storm dragon zombie (D:15)
  A titan zombie (Crypt:1)
  A shock serpent (shapeshifter) (Depths:2)
  Nergalle (Lair:3)
  12 deep elf knights
  22 hell knights
  14 spriggans
  2 soul eaters
  4 iron trolls
  A storm dragon skeleton (D:15)
  2 pharaoh ants
  7 flayed ghosts
  41 skeletal warriors
  A death drake (Swamp:4)
  39 deep trolls
  A goliath frog (Swamp:4)
  Lodul (D:10)
  4 glowing orange brains
  3 spriggan druids
  A sun moth (Spider:2)
  8 arcanists
  2 bog bodies
  7 orb spiders
  A harpy (shapeshifter) (D:15)
  11 deep elf archers
  9 lindwurms
  7 swamp dragons (Swamp:4)
  24 ironbound convokers
  An obsidian statue (Zot:5)
  13 necromancers
  9 phantasmal warriors
  A spriggan simulacrum (Crypt:1)
  26 deep elf zephyrmancers
  3 oklob plants (Zot:2)
  Pikel (D:6)
  16 steelbarb worms
  27 deep elf pyromancers
  10 orc knights
  21 ugly things
  6 orc sorcerers (Orc:2)
  17 wolf spiders
  A mana viper (shapeshifter) (Vaults:4)
  2 worldbinders (WizLab)
  18 moths of wrath
  4 manticores
  2 dire elephant zombies (Crypt:1)
  3 will-o-the-wisps
  4 elephants (Lair:5)
  7 cyclopes
  A dire elephant skeleton (Crypt:3)
  A formless jellyfish zombie (Crypt:2)
  A rust devil (Orc:2)
  21 vault sentinels
  4 black mambas
  3 ice statues (IceCv)
  A molten gargoyle (Desolation)
  4 guardian serpents
  A torpor snail (shapeshifter) (Depths:4)
  A black mamba (shapeshifter) (Elf:3)
  7 gargoyles
  8 orange demons (D:13)
  11 cane toads
  10 torpor snails
  2 hellions
  Maggie (D:6)
  A catoblepas zombie (Crypt:1)
  An ice devil (Orc:2)
  35 yaktaurs
  A red draconian skeleton (Crypt:3)
  An unseen horror (shapeshifter) (Depths:2)
  7 rime drakes
  2 efreet
  9 komodo dragons
  10 freezing wraiths
  A minotaur skeleton (Crypt:3)
  5 tengu conjurers
  A queen bee (shapeshifter) (Elf:3)
  2 red devils (D:13)
  3 bloated husks
  6 trolls
  A golden dragon simulacrum (Depths:2)
  A polar bear (shapeshifter) (D:14)
  A yellow draconian skeleton (Crypt:1)
  A troll (shapeshifter) (D:15)
  A hellwing (Orc:2)
  A wolf spider simulacrum (D:15)
  11 hornets
  3 meliai (Spider:4)
  19 saltlings
  10 tyrant leeches
  4 polar bears
  A glass eye (Depths:4)
  A hornet (shapeshifter) (D:14)
  9 tarantellas
  Prince Ribbit (D:7)
  A harpy skeleton (Crypt:3)
  A snapping turtle (shapeshifter) (D:15)
  21 blink frogs
  6 dream sheep
  A satyr zombie (Crypt:2)
  An ice dragon zombie (Crypt:2)
  A centaur simulacrum (D:15)
  A guardian serpent zombie (Crypt:3)
  6 water elementals
  36 slime creatures
  Sigmund (D:5)
  20 jumping spiders
  3 shadows
  3 air elementals (Depths:3)
  13 culicivoras
  18 wraiths
  A basilisk (shapeshifter) (D:13)
  5 wyverns
  62 yaks
  6 fire elementals
  A dire elephant simulacrum (IceCv)
  2 basilisks
  2 wargs
  A tyrant leech zombie (Crypt:2)
  Grum (D:11)
  5 hogs
  A slime creature zombie (Crypt:2)
  A redback (shapeshifter) (Depths:3)
  A steam dragon (D:9)
  2 chaos spawn (D:10)
  8 vampire mosquitoes
  3 death yak simulacra (IceCv)
  37 redbacks
  13 swamp worms
  Menkaure (D:7)
  A harpy simulacrum (IceCv)
  A water nymph zombie (Crypt:1)
  2 acid dragons
  A faun zombie (Crypt:3)
  A cane toad zombie (Crypt:1)
  5 hell hounds (Spider:1)
  A two-headed ogre skeleton (Crypt:1)
  13 water moccasins
  Duvessa (D:7)
  A fire bat skeleton (Crypt:1)
  13 swamp drakes
  A black bear (D:6)
  39 orc warriors
  A sky beast (D:8)
  16 ogres
  A black bear (shapeshifter) (WizLab)
  2 ice beasts (D:7)
  14 centaurs
  8 boggarts
  18 wolves
  3 lemures
  A phantom (D:6)
  2 kobold brigands (D:9)
  Blork the orc (D:6)
  18 bullfrogs
  3 necrophages
  2 earth elementals (Depths:3)
  A warg skeleton (Crypt:1)
  Dowan (D:7)
  5 wights (D:10)
  A troll zombie (Crypt:3)
  2 elephant simulacra (IceCv)
  11 killer bees
  3 howler monkeys
  5 electric eels
  4 centaur zombies (Ossuary)
  3 hounds
  28 jellies
  24 orc priests
  A centaur skeleton (Crypt:3)
  A gnoll bouda (D:9)
  5 iguanas
  12 orc wizards
  A polar bear simulacrum (IceCv)
  A crocodile skeleton (Crypt:2)
  An oni skeleton (Crypt:2)
  An acid dragon skeleton (Crypt:3)
  2 mummies (Ossuary)
  5 gnolls (D:9)
  4 adders
  A swamp drake skeleton (Crypt:1)
  4 bombardier beetles
  3 white imps
  3 adder zombies
  The ghost of Ifayps the Shield-Bearer, a weakling FoFi (D:15)
  2 dart slugs
  74 orcs
  4 ball pythons
  2 endoplasms
  3 giant cockroaches
  6 goblins
  7 hobgoblins
  2 jackals (D:3)
  12 kobolds
  2 quokkas
  6 bats
  3 frilled lizards
  4 goblin zombies (Ossuary)
  8 hobgoblin zombies (Ossuary)
  10 kobold zombies (Ossuary)
  An orc skeleton (Crypt:3)
  8 orc zombies (Ossuary)
  A quokka skeleton (Crypt:1)
  7 rats
  A rat zombie (Ossuary)
  5 aspiring fleshes
2116 creatures vanquished.

Vanquished Creatures (collateral kills)
  A dread lich (Vaults:5)
  2 ancient liches
  4 orbs of fire (Zot:5)
  2 Killer Klowns (Zot:5)
  5 golden dragons
  An electric golem (Zot:5)
  8 Orb Guardians (Zot:5)
  4 tentacled monstrosities
  A quicksilver dragon (Zot:3)
  2 titans (Vaults:5)
  2 acid blobs (Zot:2)
  A death cob (Zot:4)
  A tengu reaver (Vaults:5)
  2 shadow dragons
  2 storm dragons
  A protean progenitor (Zot:1)
  A fire giant (Vaults:5)
  A draconian knight (Zot:3)
  A draconian monk (Zot:5)
  3 vault wardens (Vaults:5)
  4 draconian shifters
  2 draconian scorchers
  An ironbound preserver (Vaults:5)
  A ghoul (Crypt:1)
  3 draconian annihilators
  A war gargoyle (Vaults:5)
  A very ugly thing (Vaults:5)
  6 green draconians
  5 white draconians
  5 purple draconians
  2 black draconians
  2 yellow draconians
  A spark wasp (Zot:1)
  3 red draconians
  An ettin (Vaults:5)
  15 vault guards (Vaults:5)
  2 yaktaur captains (Vaults:5)
  A death drake (shapeshifter) (Vaults:5)
  An ironbound convoker (Vaults:5)
  A phantasmal warrior (Vaults:5)
  A moth of wrath (Zot:1)
  3 slime creatures (Vaults:4)
  A yaktaur (Vaults:5)
  3 freezing wraiths (Vaults:5)
  A glass eye (Depths:4)
  A snapping turtle (shapeshifter) (Vaults:5)
  A yak (shapeshifter) (Vaults:5)
  An acid dragon (Zot:3)
  A jelly (Zot:2)
116 creatures vanquished.

Vanquished Creatures (others)
  A servant of whispers (Elf:2)
  A radroach (Spider:4)
  A bog body (Crypt:1)
  2 deep elf pyromancers (Elf:1)
  A bloated husk (Swamp:1)
  A swamp worm (Swamp:2)
  A human (D:4)
  A small abomination (Zot:2)
  6 foxfires
15 creatures vanquished.

Grand Total: 2247 creatures vanquished

Notes
Turn   | Place    | Note
-------+----------+-------------------------------------------
     0 | D:1      | Wizard1ke the Ghoul Conjurer began the quest for the Orb.
     0 | D:1      | Reached XP level 1. HP: 14/14 MP: 3/3
   171 | D:1      | Reached XP level 2. HP: 15/20 MP: 1/5
   174 | D:1      | Learned a level 2 spell: Searing Ray
  1158 | D:2      | Reached XP level 3. HP: 21/26 MP: 2/6
  2681 | D:3      | Reached XP level 4. HP: 32/33 MP: 2/8
  2785 | D:3      | Found a faded altar of an unknown god.
  3533 | D:4      | Found a sand-covered staircase.
  3540 | Ossuary  | Entered an ossuary
  4130 | Ossuary  | Reached XP level 5. HP: 30/38 MP: 0/9
  4606 | Ossuary  | Reached XP level 6. HP: 28/45 MP: 2/11
  4901 | D:4      | Learned a level 3 spell: Stone Arrow
  5130 | D:4      | Found Jiesakug's General Store.
  5138 | D:4      | Bought a potion of curing for 36 gold pieces
  5237 | D:4      | Found an ancient bone altar of Kikubaaqudgha.
  5240 | D:4      | Noticed a human
  5241 | D:4      | Killed a human
  5260 | D:5      | Entered Level 5 of the Dungeon
  5336 | D:5      | Reached skill level 1 in Earth Magic
  5465 | D:5      | Noticed Sigmund
  5787 | D:5      | Reached XP level 7. HP: 50/50 MP: 9/13
  5987 | D:5      | Found a stormy altar of Qazlal.
  6345 | D:6      | Noticed Blork the orc
  6352 | D:6      | Killed Blork the orc
  6353 | D:6      | Reached skill level 5 in Earth Magic
  6865 | D:5      | Killed Sigmund
  6945 | D:6      | Reached XP level 8. HP: 57/57 MP: 7/14
  7169 | D:6      | Noticed Pikel
  7261 | D:6      | Killed Pikel
  7262 | D:6      | Reached skill level 5 in Conjurations
  7335 | D:6      | Found a staircase to the Ecumenical Temple.
  7344 | Temple   | Entered the Ecumenical Temple
  7349 | Temple   | Became a worshipper of Vehumet
  7361 | D:6      | Found a transporter.
  7361 | D:6      | Found a transporter.
  7361 | D:6      | Noticed Bronneh's ghost (novice OnIE)
  7362 | D:6      | Noticed a queen bee
  7575 | D:6      | Found an iron altar of Okawaru.
  7919 | D:6      | Noticed Maggie
  8071 | D:6      | Killed Maggie
  8072 | D:6      | Reached skill level 5 in Spellcasting
  8072 | D:6      | Reached XP level 9. HP: 48/62 MP: 2/16
  8225 | D:7      | Noticed Dowan
  8414 | D:7      | Noticed Menkaure
  8414 | D:7      | Noticed Prince Ribbit
  8468 | D:7      | Noticed Duvessa
  8470 | D:7      | Killed Duvessa
  8591 | D:7      | Killed Dowan
  8637 | D:7      | Killed Menkaure
  8932 | D:7      | Killed Prince Ribbit
  9091 | D:7      | Reached skill level 10 in Earth Magic
  9735 | D:8      | Identified the +1 scale mail of Ixtiuh {Will- Str+4 Slay+6}
  9920 | D:7      | Reached skill level 1 in Shields
  9920 | D:7      | Reached XP level 10. HP: 39/69 MP: 12/19
 10026 | D:8      | Reached * piety under Vehumet
 10026 | D:8      | Offered knowledge of Freeze by Vehumet.
 10364 | D:8      | Found Ziptuzi's Jewellery Boutique.
 10427 | D:8      | Found an opulent altar of Gozag.
 10668 | D:8      | Bought an amulet of magic regeneration for 450 gold pieces
 10768 | D:9      | Reached skill level 2 in Shields
 10844 | D:9      | Found a broken altar of Ashenzari.
 11208 | D:9      | Offered knowledge of Kiss of Death by Vehumet.
 11380 | D:9      | Reached ** piety under Vehumet
 11707 | D:10     | Entered Level 10 of the Dungeon
 11750 | D:10     | Found a staircase to the Orcish Mines.
 11750 | D:10     | Found Gulecruf's Weapon Boutique.
 11751 | D:10     | Found a shimmering altar of Xom.
 11782 | D:10     | Reached skill level 3 in Shields
 11906 | D:10     | Found the +7 mace of Variability {chaos, chaos arc}
 11997 | D:10     | Noticed a two-headed ogre
 12001 | D:10     | Killed a two-headed ogre
 12089 | D:10     | Found a burning altar of Makhleb.
 12111 | D:10     | Reached skill level 4 in Shields
 12135 | D:9      | Reached XP level 11. HP: 17/74 MP: 11/22
 12361 | D:10     | Noticed a two-headed ogre
 12364 | D:10     | Killed a two-headed ogre
 12364 | D:10     | Offered knowledge of Frozen Ramparts by Vehumet.
 12383 | D:10     | Noticed Lodul
 12630 | D:10     | Found a snail-covered altar of Cheibriados.
 12640 | D:10     | Noticed Erolcha
 12655 | D:10     | Killed Erolcha
 12739 | D:10     | Killed Lodul
 12739 | D:10     | Reached *** piety under Vehumet
 12761 | D:10     | Reached skill level 5 in Shields
 12858 | D:10     | Found a bloodstained altar of Trog.
 13038 | D:4      | Bought a book of Spontaneous Combustion for 456 gold pieces
 13038 | D:4      | Bought a scroll of immolation for 48 gold pieces
 13044 | D:4      | Learned a level 5 spell: Irradiate
 13440 | D:11     | Noticed a sea snake
 13446 | D:11     | Noticed a sea snake
 13448 | D:11     | Noticed a sea snake
 13513 | D:11     | Noticed Grum
 13545 | D:11     | Killed Grum
 14054 | D:11     | Noticed a two-headed ogre
 14123 | D:11     | Killed a two-headed ogre
 14225 | D:11     | Found a staircase to the Lair.
 14282 | D:11     | Reached XP level 12. HP: 78/81 MP: 14/24
 14386 | D:11     | Offered knowledge of Airstrike by Vehumet.
 14475 | Lair:1   | Entered Level 1 of the Lair of Beasts
 14687 | Lair:1   | Reached **** piety under Vehumet
 14732 | Lair:1   | Learned a level 4 spell: Iskenderun's Mystic Blast
 14784 | Lair:1   | Reached skill level 1 in Translocations
 14784 | Lair:1   | Reached skill level 1 in Alchemy
 15015 | Lair:1   | Offered knowledge of Hailstorm by Vehumet.
 15021 | Lair:1   | Reached skill level 10 in Conjurations
 15804 | Lair:2   | Reached XP level 13. HP: 86/86 MP: 20/25
 15917 | Lair:2   | Found a staircase to the Swamp.
 15969 | Lair:2   | Reached skill level 15 in Earth Magic
 15977 | Lair:2   | Reached skill level 5 in Alchemy
 16001 | Lair:2   | Reached ***** piety under Vehumet
 16001 | Lair:2   | Offered knowledge of Eringya's Noxious Bog by Vehumet.
 17014 | Lair:3   | Noticed Josephine
 17019 | Lair:3   | Killed Josephine
 17127 | Lair:3   | Found a frozen archway.
 17149 | IceCv    | Entered an ice cave
 17745 | Lair:3   | Noticed Nergalle
 17751 | Lair:3   | Killed Nergalle
 17785 | Lair:3   | Reached skill level 1 in Evocations
 17930 | Lair:3   | Found a hole to the Spider Nest.
 18014 | Lair:3   | Reached skill level 10 in Alchemy
 18283 | Lair:3   | You fall into a shaft and drop 2 floors!
 18283 | Lair:5   | Entered Level 5 of the Lair of Beasts
 18294 | Lair:5   | Found a staircase to the Slime Pits.
 18296 | Lair:5   | Found a viscous altar of Jiyva.
 18298 | Lair:5   | Reached XP level 14. HP: 81/93 MP: 20/26
 18793 | Lair:4   | Found a sparkling altar of Nemelex Xobeh.
 18823 | Lair:4   | Identified the +1 war axe "Veeg" {heavy, rPois Stlth+}
 19014 | Lair:4   | Reached skill level 5 in Evocations
 20324 | Lair:5   | Offered knowledge of Starburst by Vehumet.
 20887 | D:12     | Reached skill level 1 in Fighting
 21135 | D:12     | Noticed Jeizer's ghost (journeyman MfGl)
 21151 | D:12     | Found a transporter.
 21176 | D:12     | Found a transporter.
 21201 | D:12     | Found Oseutang's Magic Scroll Shop.
 21364 | D:12     | Found Suqiem's General Store.
 21369 | D:12     | Bought a phial of floods for 560 gold pieces
 21878 | Orc:1    | Entered Level 1 of the Orcish Mines
 21971 | Orc:1    | Noticed Harold
 21987 | Orc:1    | Killed Harold
 22329 | Orc:2    | Entered Level 2 of the Orcish Mines
 22687 | Orc:2    | Reached XP level 15. HP: 110/112 MP: 13/27
 22858 | Orc:2    | Found Gigriul's Distillery.
 22862 | Orc:2    | Found Tihel's Distillery.
 22866 | Orc:2    | Reached skill level 5 in Fighting
 23205 | Orc:2    | Found a staircase to the Elven Halls.
 23723 | Orc:2    | Offered knowledge of Lee's Rapid Deconstruction by Vehumet.
 23732 | Orc:2    | Learned a level 5 spell: Lee's Rapid Deconstruction
 24056 | Orc:2    | Found Vagusoly's Antique Weapon Emporium.
 24056 | Orc:2    | Found Cesohuq's Jewellery Shoppe.
 24057 | Orc:2    | Found a one-way gate leading to the halls of Pandemonium.
 24214 | D:12     | Bought a +2 pair of boots of flying for 301 gold pieces
 24309 | Orc:2    | Bought a potion of haste for 150 gold pieces
 24309 | Orc:2    | Bought 2 potions of magic for 240 gold pieces
 24309 | Orc:2    | Bought a potion of enlightenment for 75 gold pieces
 24311 | Orc:2    | Bought a potion of heal wounds for 55 gold pieces
 24311 | Orc:2    | Bought a potion of heal wounds for 55 gold pieces
 24409 | D:13     | Identified the +9 orcbow "Vial" {freeze, Int+2 Stlth+}
 24475 | D:13     | Found a transporter.
 24638 | D:13     | Found a gate to the Vaults.
 25324 | D:13     | Found a transporter.
 25326 | D:13     | Noticed Haresteo's ghost (journeyman TrSh)
 25331 | D:13     | Noticed Ehoukk's ghost (journeyman DjFE)
 26674 | D:14     | Offered knowledge of Bombard by Vehumet.
 26675 | D:14     | Reached skill level 10 in Fighting
 26682 | D:14     | Learned a level 6 spell: Bombard
 26837 | D:14     | Found Wejonul's Magic Scroll Boutique.
 26928 | D:12     | Bought a scroll of teleportation for 51 gold pieces
 26928 | D:12     | Bought a scroll of teleportation for 51 gold pieces
 26936 | D:12     | Found a one-way gate to the infinite horrors of the Abyss.
 26977 | D:15     | Entered Level 15 of the Dungeon
 27037 | D:15     | Reached XP level 16. HP: 134/134 MP: 14/28
 27077 | D:15     | Found a staircase to the Depths.
 28719 | D:15     | Found a runed translucent gate.
 28719 | D:15     | Found a runed translucent gate.
 28719 | D:15     | Found a runed translucent gate.
 28723 | D:15     | Noticed Ifayps's ghost (weakling FoFi)
 28993 | Swamp:1  | Entered Level 1 of the Swamp
 29782 | Swamp:2  | Noticed Frances
 29791 | Swamp:2  | Killed Frances
 30029 | Swamp:2  | Noticed Gehammu's ghost (journeyman KoBr)
 30807 | Swamp:2  | Found a transporter.
 30810 | Swamp:2  | Found a transporter.
 30984 | Swamp:2  | Found a bloodstained altar of Trog.
 31151 | Swamp:2  | Noticed a tentacled monstrosity
 31152 | Swamp:2  | Found a transporter.
 31156 | Swamp:2  | Noticed a thorn hunter
 31166 | Swamp:2  | Noticed a tentacled monstrosity
 31169 | Swamp:2  | Found a transporter.
 31221 | Swamp:2  | Noticed a fenstrider witch
 31504 | Swamp:3  | Reached ****** piety under Vehumet
 31504 | Swamp:3  | Offered knowledge of Ozocubu's Refrigeration by Vehumet.
 31646 | Swamp:3  | Noticed a fenstrider witch
 31649 | Swamp:3  | Noticed Rehajen's ghost (journeyman FeSu)
 31649 | Swamp:3  | Noticed a fenstrider witch
 31650 | Swamp:3  | Noticed a tentacled monstrosity
 31651 | Swamp:3  | Noticed a fenstrider witch
 31676 | Swamp:3  | Found a runed translucent gate.
 31676 | Swamp:3  | Found a runed translucent gate.
 31676 | Swamp:3  | Found a runed translucent gate.
 32085 | Swamp:3  | Noticed a fenstrider witch
 32088 | Swamp:3  | Killed a fenstrider witch
 32363 | Swamp:4  | Entered Level 4 of the Swamp
 32401 | Swamp:4  | Reached XP level 17. HP: 140/140 MP: 22/30
 32674 | Swamp:4  | Reached skill level 10 in Spellcasting
 33388 | Swamp:4  | Offered knowledge of Plasma Beam by Vehumet.
 33665 | Swamp:4  | Got a decaying rune of Zot
 34274 | Vaults:1 | Entered Level 1 of the Vaults
 34424 | Vaults:1 | Found Meudghin's Antique Weapon Shop.
 34475 | Vaults:1 | Found Tyeq's Book Boutique.
 34616 | Vaults:1 | Bought a book of Dangerous Friends for 440 gold pieces
 34624 | Vaults:1 | Learned a level 7 spell: Orb of Destruction
 34754 | Vaults:1 | Identified a scroll of acquirement
 34974 | Vaults:1 | Acquired the ring of the Curupira {Wiz rF+ Int+5 Stlth+}
 35513 | Vaults:1 | Reached XP level 18. HP: 147/147 MP: 11/33
 36143 | Vaults:1 | Found Talod's Magic Scroll Shop.
 36147 | Vaults:1 | Bought a scroll of teleportation for 39 gold pieces
 36167 | Vaults:1 | Offered knowledge of Maxwell's Capacitive Coupling by
                  | Vehumet.
 36254 | Vaults:1 | Reached skill level 15 in Conjurations
 36447 | Vaults:2 | Got Equth's Lessons on Arcane Weapons and Exhalation
 36461 | Vaults:2 | Found a huge runed gate.
 36461 | Vaults:2 | Found a huge runed gate.
 36461 | Vaults:2 | Found a huge runed gate.
 36461 | Vaults:2 | Found a huge runed gate.
 36461 | Vaults:2 | Found a huge runed gate.
 36461 | Vaults:2 | Found a huge runed gate.
 36461 | Vaults:2 | Found a huge runed gate.
 36462 | Vaults:2 | Found a huge runed gate.
 36462 | Vaults:2 | Found a huge runed gate.
 36462 | Vaults:2 | Found a huge runed gate.
 36466 | Vaults:2 | Found a huge runed gate.
 36466 | Vaults:2 | Found a huge runed gate.
 36466 | Vaults:2 | Found a huge runed gate.
 36466 | Vaults:2 | Found a huge runed gate.
 36466 | Vaults:2 | Found a huge runed gate.
 36466 | Vaults:2 | Found a huge runed gate.
 36467 | Vaults:2 | Found a huge runed gate.
 36468 | Vaults:2 | Found a huge runed gate.
 36470 | Vaults:2 | Found a huge runed gate.
 36478 | Vaults:2 | Found a huge runed gate.
 36478 | Vaults:2 | Found a huge runed gate.
 36478 | Vaults:2 | Found a huge runed gate.
 36478 | Vaults:2 | Found a huge runed gate.
 36478 | Vaults:2 | Found a huge runed gate.
 36478 | Vaults:2 | Found a huge runed gate.
 36479 | Vaults:2 | Found a huge runed gate.
 36480 | Vaults:2 | Found a huge runed gate.
 36481 | Vaults:2 | Found a huge runed gate.
 36489 | Vaults:2 | Found a huge runed gate.
 36489 | Vaults:2 | Found a huge runed gate.
 36489 | Vaults:2 | Found a huge runed gate.
 36489 | Vaults:2 | Found a huge runed gate.
 36489 | Vaults:2 | Found a huge runed gate.
 36495 | Vaults:2 | Found a huge runed gate.
 36496 | Vaults:2 | Found a huge runed gate.
 36497 | Vaults:2 | Found a huge runed gate.
 37281 | Vaults:2 | Identified the +6 arbalest "Cetwesi" {elec, Dex+2}
 37546 | Vaults:2 | Found Uqi Utta's Armour Shop.
 38851 | Vaults:2 | Found a staircase to the Crypt.
 39591 | Vaults:3 | Noticed a lich
 39601 | Vaults:3 | Killed a lich
 40162 | Vaults:3 | Found Kemuiz's Book Shop.
 40238 | Vaults:3 | Noticed Mara
 40418 | Vaults:3 | Reached XP level 19. HP: 102/154 MP: 10/35
 40668 | Vaults:3 | Offered knowledge of Lehudib's Crystal Spear by Vehumet.
 40668 | Vaults:3 | Offered knowledge of Shatter by Vehumet.
 40668 | Vaults:3 | Offered knowledge of Chain Lightning by Vehumet.
 41235 | Vaults:3 | Noticed Wizard1ke's illusion
 41239 | Vaults:3 | Killed Mara
 41858 | Vaults:3 | Noticed Jory
 41866 | Vaults:3 | Killed Jory
 42238 | Vaults:4 | Noticed Sojobo
 42245 | Vaults:4 | Paralysed by an air elemental for 1 turns
 43647 | Vaults:4 | Identified the +1 sling "Vulashraf" {freeze, Will- Str+5}
 43989 | Vaults:4 | Killed Sojobo
 44011 | Vaults:4 | Noticed Boris
 44380 | Vaults:4 | Killed Boris
 44462 | Vaults:4 | Noticed a golden dragon
 45381 | Vaults:4 | Reached skill level 6 in Shields
 45381 | Vaults:4 | Killed a golden dragon
 45640 | Vaults:4 | Reached XP level 20. HP: 161/161 MP: 14/36
 46304 | D:13     | Killed Ehoukk's ghost
 46308 | D:13     | Killed Haresteo's ghost
 46338 | D:13     | Identified the +2 spear of the Countless Portals {flame,
                  | ^Fragile +Blink Fly rPois}
 46340 | D:13     | Identified the +5 halberd "Nedghipeu" {heavy, rElec rC-
                  | Str-2 Int+9}
 46384 | D:13     | Upgraded the game from 0.31-a0-1351-g98b23dd to
                  | 0.31-a0-1356-gade28b5
 46505 | Elf:1    | Entered Level 1 of the Elven Halls
 46912 | Elf:1    | Reached skill level 7 in Shields
 47242 | D:15     | Identified the +0 cloak "Reck" {rPois Regen+ Slay+6}
 47245 | D:15     | Killed Ifayps's ghost
 47349 | D:15     | Identified the staff "Rukhlar" {rPois rN+ Str+4 Alchemy}
 47586 | Elf:1    | Noticed Agnes
 47589 | Elf:1    | Killed Agnes
 47781 | Elf:1    | Identified the amulet of Lelober {RegenMP Rampage Str+3}
 48587 | Elf:2    | Reached skill level 8 in Shields
 48981 | Elf:2    | Found a crumbling gateway.
 48991 | Desolati | Entered the Desolation of Salt
 49268 | Desolati | Reached skill level 9 in Shields
 49692 | Elf:2    | Found Cucs's Armour Shoppe.
 49733 | Elf:2    | Found a runed translucent gate.
 49733 | Elf:2    | Found a runed translucent gate.
 49733 | Elf:2    | Found a runed translucent gate.
 50041 | Elf:3    | Entered Level 3 of the Elven Halls
 50096 | Elf:3    | Reached skill level 10 in Shields
 50842 | Elf:3    | Found Pesegamu's Antique Armour Emporium.
 50846 | Elf:3    | Bought a dazzling robe for 176 gold pieces
 50846 | Elf:3    | Identified the +2 robe of Puczov Ywke {Harm Regen+} (You
                  | bought it in a shop on level 3 of the Elven Halls)
 51098 | Elf:3    | Identified the ring "Nackixu" {Int+6 Dex+4}
 51250 | Elf:3    | Reached skill level 11 in Shields
 51299 | Elf:3    | Reached XP level 21. HP: 168/168 MP: 21/37
 51361 | Elf:3    | Identified the +0 robe of Inference {Slay+3}
 51462 | Elf:3    | Identified the +4 scimitar of the Dark Horse {heavy, rC+
                  | rN+++ Int+3 Dex-3}
 51505 | Elf:3    | Identified the +4 battleaxe of the Soothsayer {venom, rC+
                  | Int-3 Dex+4 Stlth+}
 51687 | Elf:3    | Reached skill level 12 in Shields
 51830 | Elf:3    | Identified the +2 leather armour of the Tormentor {rPois
                  | rN+ rCorr}
 51832 | Elf:3    | Identified the +0 scale mail "Vobbashre" {+Blink Will++
                  | Dex+4}
 52661 | Elf:3    | Identified the +0 pair of gloves of Nier {rN+ Str+5}
 52688 | Elf:3    | Reached skill level 13 in Shields
 52692 | Elf:3    | Got the Tome of Luminous Peregrination
 52735 | Elf:3    | Identified the staff "Dakhler" {rPois Stlth+ Air Alchemy}
 53120 | Depths:1 | Entered Level 1 of the Depths
 53247 | Spider:1 | Entered Level 1 of the Spider Nest
 53492 | Spider:1 | Noticed Louise
 53501 | Spider:1 | Killed Louise
 54355 | Spider:1 | Reached skill level 14 in Shields
 54777 | Spider:1 | Noticed Azrael
 54783 | Spider:1 | Killed Azrael
 56392 | Spider:3 | Noticed Mlioglotl
 56620 | Spider:3 | Killed Mlioglotl
 56903 | Spider:3 | Reached skill level 15 in Shields
 57218 | Spider:3 | Noticed Roxanne
 57754 | Spider:4 | Entered Level 4 of the Spider Nest
 57801 | Spider:4 | Noticed Kirke
 58008 | Spider:3 | Killed Kirke
 58173 | Spider:3 | Reached XP level 22. HP: 163/177 MP: 28/38
 58996 | Spider:4 | Got a gossamer rune of Zot
 59302 | Spider:4 | Noticed Arachne
 59315 | Spider:4 | Killed Arachne
 59480 | Spider:4 | Identified the serpent talisman of Vuqaadd {rCorr Str-5
                  | Int+5 SInv}
 59480 | Spider:4 | Noticed Aizul
 59487 | Spider:4 | Killed Aizul
 60126 | Depths:1 | Reached skill level 16 in Shields
 60250 | Depths:1 | Found a gateway to Hell.
 60493 | Depths:1 | Found a one-way gateway to a ziggurat.
 61770 | Depths:2 | Noticed an ancient lich
 61773 | Depths:2 | Killed an ancient lich
 62171 | Depths:2 | Identified the +0 cloak of Gehenna {rN+}
 62385 | Depths:2 | Noticed Vv
 62621 | Depths:2 | Reached skill level 17 in Shields
 63034 | Depths:2 | Learned a level 2 spell: Blink
 63056 | Depths:2 | Killed Vv
 63057 | Depths:2 | Reached XP level 23. HP: 104/196 MP: 11/39
 63954 | Depths:3 | Reached skill level 15 in Fighting
 63973 | Depths:2 | Learned a level 8 spell: Lehudib's Crystal Spear
 64184 | Depths:3 | Learned a level 9 spell: Shatter
 64424 | Depths:3 | Reached skill level 18 in Shields
 65250 | Depths:3 | Paralysed by an air elemental for 1 turns
 65256 | Depths:3 | Paralysed by an air elemental for 1 turns
 65259 | Depths:3 | Paralysed by an air elemental for 1 turns
 65542 | Depths:4 | Entered Level 4 of the Depths
 65611 | Depths:4 | Noticed Xtahua
 65623 | Depths:3 | Killed Xtahua
 65675 | Depths:4 | Noticed a juggernaut
 65679 | Depths:4 | Killed a juggernaut
 65878 | Depths:4 | Reached skill level 19 in Shields
 66482 | Depths:4 | Found a shadowy altar of Dithmenos.
 66548 | Depths:4 | Noticed the Enchantress
 66554 | Depths:4 | Killed the Enchantress
 67119 | Depths:4 | Found a gate to the Realm of Zot.
 67368 | Depths:4 | Reached skill level 20 in Shields
 67483 | Depths:4 | Reached XP level 24. HP: 174/206 MP: 17/39
 68166 | Crypt:1  | Entered Level 1 of the Crypt
 68753 | Crypt:1  | You are sucked into a shaft and drop 1 floor!
 69257 | Crypt:1  | Reached skill level 21 in Shields
 70078 | Crypt:2  | Noticed Frederick
 70359 | Crypt:2  | Noticed Bai Suzhen
 70382 | Crypt:2  | Killed Bai Suzhen
 70888 | Crypt:2  | Killed Frederick
 71016 | Crypt:2  | Identified the +1 pair of gloves of Loeh Tiso {-Tele Regen+
                  | Str+5 Dex+2}
 71532 | Crypt:3  | Entered Level 3 of the Crypt
 71751 | Crypt:3  | Found a magical portal.
 71850 | WizLab   | Entered Alistair's Party Mansion
 71901 | WizLab   | Reached skill level 22 in Shields
 72623 | WizLab   | Acquired 765 gold pieces
 73017 | Crypt:3  | Found a staircase to the Tomb.
 73148 | Crypt:3  | Reached XP level 25. HP: 213/213 MP: 23/40
 73476 | Crypt:3  | Found the +7 great mace "Undeadhunter" {deathbane, rN+}
 73620 | Crypt:3  | Noticed an ancient lich
 73620 | Crypt:3  | Noticed an ancient lich
 73832 | Crypt:3  | Noticed a dread lich
 73864 | Crypt:3  | Killed a dread lich
 73899 | Crypt:3  | Killed an ancient lich
 73900 | Crypt:3  | Killed an ancient lich
 73943 | Crypt:3  | Identified the ring "Betolaco" {rF+ Will+ SInv}
 73957 | Crypt:3  | Got the Catalogue of Mortification and the Rocks
 73969 | Crypt:3  | Learned a level 7 spell: Spellforged Servitor
 74662 | Vaults:5 | Entered Level 5 of the Vaults
 74673 | Vaults:5 | Reached skill level 1 in Summonings
 74673 | Vaults:5 | Noticed a dread lich
 74690 | Vaults:5 | Identified the staff of the Protecting Gnat {rPois rF+
                  | Str-4 Conj Alchemy}
 74851 | Vaults:5 | Identified the ring of Tuibo {rElec rF+ rC- Will+++ Int+6}
 74856 | Vaults:5 | Reached skill level 15 in Spellcasting
 75014 | Vaults:5 | Noticed a dread lich
 75026 | Vaults:5 | Killed a dread lich
 75028 | Vaults:5 | Reached skill level 5 in Summonings
 75176 | Vaults:5 | Noticed a dread lich
 75182 | Vaults:5 | Killed a dread lich
 75662 | Vaults:5 | Noticed an ancient lich
 75663 | Vaults:5 | Noticed a dread lich
 75849 | Vaults:5 | Killed a dread lich
 76109 | Vaults:5 | Got a silver rune of Zot
 76209 | Vaults:5 | Identified the +2 leather armour of Daadoest {Rampage rN+++
                  | Int+3 Dex-3}
 76262 | Vaults:5 | Killed a dread lich
 76263 | Vaults:5 | Reached skill level 10 in Summonings
 76369 | Vaults:5 | Reached XP level 26. HP: 221/221 MP: 31/42
 76381 | Vaults:5 | Got the Folio of Corpses and Venom
 76463 | Vaults:5 | Killed an ancient lich
 76687 | Vaults:5 | Identified the ring "Reziss" {^Drain Int+6 Dex+7}
 76827 | Vaults:5 | Identified the +0 ring mail "Fibuq" {rF+ rC+ Str-3 Dex+3}
 77281 | Zot:1    | Entered Level 1 of the Realm of Zot
 77607 | Zot:1    | Reached skill level 23 in Shields
 78812 | Zot:2    | You are sucked into a shaft and drop 2 floors!
 78940 | Zot:2    | Reached skill level 24 in Shields
 80708 | Zot:4    | Paralysed by a Zot trap for 5 turns
 80884 | Zot:4    | Reached skill level 25 in Shields
 80884 | Zot:4    | Reached XP level 27. HP: 215/227 MP: 13/42
 82824 | Zot:5    | Entered Level 5 of the Realm of Zot
 83000 | Zot:5    | Found a transporter.
 83062 | Zot:5    | Found a transporter.
 83292 | Zot:5    | Noticed an ancient lich
 83292 | Zot:5    | Noticed an ancient lich
 83305 | Zot:5    | Reached skill level 26 in Shields
 83306 | Zot:5    | Killed an ancient lich
 83306 | Zot:5    | Noticed an orb of fire
 83309 | Zot:5    | Killed an orb of fire
 83375 | Zot:5    | Killed an ancient lich
 83422 | Zot:5    | Noticed an orb of fire
 83424 | Zot:5    | Killed an orb of fire
 83922 | Zot:5    | Noticed an orb of fire
 83928 | Zot:5    | Killed an orb of fire
 83977 | Zot:5    | Reached skill level 27 in Shields
 84185 | Zot:5    | Noticed an ancient lich
 84188 | Zot:5    | Killed an ancient lich
 84399 | Zot:5    | Noticed an orb of fire
 84409 | Zot:5    | Killed an orb of fire
 84411 | Zot:5    | Noticed an orb of fire
 84413 | Zot:5    | Killed an orb of fire
 84417 | Zot:5    | Noticed an orb of fire
 84419 | Zot:5    | Killed an orb of fire
 84491 | Zot:5    | Got the Orb of Zot
 84598 | Zot:2    | Noticed Herusyis the pandemonium lord
 84929 | D:5      | Noticed Momoin the pandemonium lord
 85053 | D:$      | Escaped with the Orb!

Illustrated notes

Levels and vault maps discovered:
D:1:      ncdulo_halloftheorcs, layout_loops_ring
D:2:      layout_basic, basic_altar
D:3:      layout_loops_corners, chequers_ecumenical_altar_simple_redux,
          kennysheep_boxes
D:4:      layout_rooms, tgw_kikubaaqudgha, nicolae_ossuary_entry_ruins,
          serial_shops, shop
D:5:      layout_cave_pools, marbit_many_paths,
          nicolae_concentric_dashed_squares_mild, uniq_crazy_yiuf_cottage,
          uniq_sigmund
D:6:      layout_layer_cave, good_gods_temple_1, okawaru_metal_pillars_3,
          minmay_temple_entry_hall, serial_glass, glass_columns_b,
          glass_columns_a, glass_columns_b, glass_columns_c, glass_columns_a,
          glass_columns_c, glass_columns_a, glass_columns_a, glass_columns_a,
          glass_columns_b, glass_columns_a, glass_columns_b, glass_columns_b,
          glass_columns_a, gammafunk_ghost_hive, uniq_blork_the_orc,
          uniq_maggie, uniq_pikel
D:7:      layout_rooms, corner_web_ring, uniq_menkaure, uniq_duvessa,
          uniq_prince_ribbit1
D:8:      layout_cave_pools, mainiacjoe_overflow_alcove_2, serial_shops,
          nicolae_shop_waterfront
D:9:      layout_loops_corners, nicolae_ashenzari_skybound
D:10:     layout_rooms, overflow_temple_1_default, mainiacjoe_overflow_alcove_4,
          mainiacjoe_overflow_surrounded_room, orc_david_3,
          minmay_guarded_unrand_variability, uniq_erolcha, uniq_lodul
D:11:     layout_loops_ring, david_lair_shrubbed, serial_aquarium,
          aquarium_bridge_square [aquarium_subvault_bridge,
          aquarium_subvault_wall, aquarium_subvault_wall,
          aquarium_subvault_bridge], aquarium_bridge_long_joined
          [aquarium_subvault_bridge, aquarium_subvault_window,
          aquarium_subvault_wall, aquarium_subvault_wall,
          aquarium_subvault_bridge, aquarium_subvault_window],
          aquarium_window_2, aquarium_window_1, aquarium_view_2c, uniq_grum
D:12:     layout_loops_ring, serial_shops, kennysheep_little_box, shop_coins,
          gammafunk_ghost_abyssal_escape, small_statue_intersection,
          nrook_mini_backslash
D:13:     layout_basic, erik_vaults_2, nzn_ghost_randoct, nrook_pool_corridor,
          eino_tiny_chamber, minmay_beelzebubs_servants
D:14:     layout_rooms, serial_shops, nicolae_shop_rolled_up
D:15:     gammafunk_depths_entry_grave, layout_loops_ring,
          gammafunk_ghost_tricky_traps, minmay_between
Temple:   minmay_freezing_vapour_temple
Lair:1:   layout_hall_layers
Lair:2:   layout_cave_pods, minmay_swamp_entry_eels
Lair:3:   layout_concentric_octagons, spider_nest_entry_rubble,
          portal_ice_cave_entry_pillars_1, grunt_megastairs_5,
          lemuel_fruit_fields, uniq_nergalle, uniq_josephine
Lair:4:   layout_hall_layers, basic_altar, serial_bayou_shore_b
Lair:5:   hangedman_lair_in_review, layout_gridlike, slime_entry_1
Swamp:1:  layout_falls_marsh, evilmike_swamp_ruin_house_3
Swamp:2:  gammafunk_sealed_arena, layout_falls_marsh,
          gammafunk_ghost_wrathful_warriors, nicolae_swamp_triple_paths,
          swamp_pool_1_2, uniq_frances
Swamp:3:  layout_basic_swamp, gammafunk_ghost_split, evilmike_swamp_ruin_house_5
Swamp:4:  swamp, layout_basic_swamp
Spider:1: layout_spider_delve, nicolae_spider_webs_and_nodes, uniq_louise,
          uniq_azrael
Spider:2: layout_chambers
Spider:3: layout_spider_delve, nicolae_spider_baby_got_redback, uniq_mlioglotl,
          uniq_roxanne
Spider:4: hellmonk_spider_rune_bug_friends, uniq_kirke, uniq_arachne, uniq_aizul
Orc:1:    layout_caves, uniq_harold
Orc:2:    pf_orc_diabolical, layout_diamond_mine,
          regret_index_minedec_shroomtown_chain
Elf:1:    minmay_elf_arrival_circle, layout_geoelf_octagon,
          kennysheep_underground_church, nicolae_elf_archery_training,
          uniq_agnes
Elf:2:    nicolae_elf_blades_crystal_corner, layout_geoelf_octagon,
          serial_shops, shop, portal_desolation_entry_nicolae_nacl
Elf:3:    minmay_elf_hall_not_hex, layout_loops_corners, serial_shops, shop,
          minmay_crystal_room
Vaults:1: v_pattern_2, nicolae_vaults_more_shelving_2, vaults_room_fours,
          nicolae_vaults_ninety_degrees, hangedman_vaults_cutoff,
          hangedman_vaults_locks, special_room_vaults [special_room_orc],
          v_misc_16, layout_vaults_omnibox, serial_shops,
          nicolae_shop_back_alley_shop, shop, shop
Vaults:2: minmay_crypt_entry_simple_round, nicolae_vaults_storage_room_water,
          vaults_dpeg_cross, nicolae_vaults_diamond_2,
          nicolae_vaults_double_plus_3, vaults_dpeg_encased_lava, v_misc_10,
          nicolae_vaults_tetromino_Z_2, v_alt_pattern_6,
          ontoclasm_vaults_shuriken, v_misc_30, door_vault,
          nicolae_vaults_yaktaur_gun_rack, grunt_vaults_hallway_long,
          nicolae_vaults_angled_halls, nicolae_vaults_two_Ls,
          layout_vaults_ring, serial_shops, nicolae_shop_window_shopping,
          uniq_margery
Vaults:3: vaults_room_hallway, v_misc_27, hangedman_vaults_impose,
          hangedman_vaults_stagger, ontoclasm_vaults_decontamination,
          nicolae_vaults_diamond_1, vaults_room_grunt_arrival_checkpoint,
          v_misc_29, hangedman_vaults_slice, nicolae_vaults_alarming,
          nicolae_vaults_variable_pillar_hall, vaults_dpeg_diagonal,
          layout_vaults_omnigrid, serial_shops, nicolae_book_shop_shelving,
          uniq_jory, uniq_mara
Vaults:4: nicolae_vaults_frosty_reception, v_misc_27,
          nicolae_vaults_antechamber_and_loot_room, hangedman_vaults_nails,
          v_misc_10, v_pattern_5, nicolae_vaults_little_squares_3,
          nicolae_vaults_trapezoid_lopsided_3, nicolae_vaults_closet_pinwheel_4,
          layout_vaults_big_room, uniq_boris, uniq_sojobo
Vaults:5
Crypt:1:  layout_gridlike, grunt_crypt_arrival_webbed
Crypt:2:  layout_misc_corridors, serial_glass, glass_columns_b, glass_columns_b,
          feat_on_display, due_unseen_surprise, lemuel_elevator, uniq_frederick,
          uniq_bai_suzhen, uniq_grunn
Crypt:3:  david_glass_crypt, layout_misc_corridors, mu_enter_wizlab_4
Depths:1: layout_cave_pools, enter_ziggurat_a, hell_entry,
          nicolae_figureground_sparkle
Depths:2: hangedman_crystal_crosses_colossus [crystal_crosses_arms_four,
          crystal_crosses_arms_four, crystal_crosses_arms_two,
          crystal_crosses_arms_one], pan_entry, hell_entry, serial_shops,
          uniq_vv
Depths:3: constructs_gauntlet_mu_hangedman, layout_cave_pools,
          kennysheep_cross_room, nicolae_abyss_entry_one_way_or_another,
          grunt_metal_band, uniq_josephina
Depths:4: grunt_zot_entry_tricorne, layout_long_grid, hell_entry,
          grunt_dithmenos_smoke_and_mirrors, grunt_ministairs_14,
          uniq_enchantress, uniq_xtahua
Zot:1:    layout_twisted_circle
Zot:2:    lemuel_acid_trip, layout_cathedral_of_symmetry,
          nicolae_zig_zag_zippers
Zot:3:    layout_gridlike, regret_index_zotdec_serpentine_coiled,
          st_small_dragon_hoard_3, nicolae_zot_crop_circle
Zot:4:    layout_misc_corridors, regret_index_zotdec_ceiling_fans,
          regret_index_zotdec_abyssal_star_handed
Zot:5:    layout_misc_corridors, nicolae_diode_stairs

Skill      XL: |  1  2  3  4  5  6  7  8  9 10 11 12 13 14 15 16 17 18 19 20 21 22 23 24 25 26 27 |
---------------+----------------------------------------------------------------------------------+-----
Spellcasting   | 2 3 4 5 6 7 8 9 11 12 13 15 | 15.0
Conjurations   | 4 5 6 7 9 10 12 14 17 19 20 | 20.0
Earth Magic    | 3 7 8 10 11 13 14 15 16 17 19 | 19.1
Shields        | 1 4 5 6 11 15 17 20 22 25 27 | 27.0
Translocations | 2 |  2.0
Alchemy        | 4 10 12 | 12.1
Evocations     | 3 6 |  6.0
Fighting       | 4 10 14 15 16 | 16.5
Summonings     | 10 | 10.0
Dodging        | |  1.7
Stealth        | |  2.1

Action                     |  1- 3 |  4- 6 |  7- 9 | 10-12 | 13-15 | 16-18 | 19-21 | 22-24 | 25-27 || total
---------------------------+-------+-------+-------+-------+-------+-------+-------+-------+-------++-------
  Melee: Unarmed           |    31 |    65 |       |       |       |       |       |       |       ||    96
         Staff             |       |       |     3 |     1 |    16 |    19 |    20 |    13 |     4 ||    76
  Throw: Dart              |       |       |       |     5 |     5 |     1 |       |       |       ||    11
   Cast: Magic Dart        |    83 |    80 |       |       |       |       |       |       |       ||   163
         Searing Ray       |     1 |    29 |     2 |       |       |     2 |       |       |       ||    34
         Stone Arrow       |       |       |   104 |   355 |   674 |     8 |       |       |       ||  1141
         Irradiate         |       |       |       |       |    97 |    90 |   154 |   226 |    21 ||   588
         Bombard           |       |       |       |       |     5 |   431 |   321 |   188 |   206 ||  1151
         Orb of Destructio |       |       |       |       |       |   124 |   292 |   494 |    20 ||   930
         Lee's Rapid Decon |       |       |       |       |       |       |     9 |    15 |    38 ||    62
         Blink             |       |       |       |       |       |       |       |     2 |       ||     2
         Spellforged Servi |       |       |       |       |       |       |       |       |   125 ||   125
         Lehudib's Crystal |       |       |       |       |       |       |       |       |   236 ||   236
         Shatter           |       |       |       |       |       |       |       |       |     5 ||     5
  Evoke: Wand              |       |       |       |     4 |    13 |    10 |     5 |    19 |     3 ||    54
         Phial of floods   |       |       |       |       |       |     1 |       |     1 |       ||     2
         Lightning rod     |       |       |       |       |       |       |     4 |       |       ||     4
    Use: Scroll            |       |       |    11 |    12 |    11 |    15 |    12 |    18 |    10 ||    89
         Potion            |       |       |       |     3 |     5 |     6 |    12 |     6 |     7 ||    39
 Armour: Robe              |    27 |    55 |    28 |   116 |   345 |   299 |   308 |   309 |   196 ||  1683
  Dodge: Dodged            |    25 |    91 |    30 |    56 |   146 |    97 |    70 |    70 |    38 ||   623
  Block: Kite shield       |       |       |     3 |    76 |   143 |   112 |       |       |       ||   334
         Tower shield      |       |       |       |       |       |    11 |   256 |   419 |   144 ||   830

Table legend: (Time is in decaauts)
 A = Elapsed time spent in this place.
 B = Non-inter-level travel time spent in this place.
 C = Inter-level travel time spent in this place.
 D = Time resting spent in this place.
 E = Time spent auto-exploring this place.
 F = Levels seen in this place.
 G = Mean time per level.
                   A        B        C        D        E       F      G
               +--------+--------+--------+--------+--------+-----+--------+
         Total |  85332 |  79645 |   5687 |  21657 |  38701 |  55 | 1551.5 |
       Dungeon |  20562 |  18400 |   2162 |   3559 |  11462 |  15 | 1370.8 |
        Temple |     10 |     10 |      0 |      0 |      0 |   1 |   10.0 |
          Lair |   6122 |   5655 |    467 |    718 |   3474 |   5 | 1224.4 |
         Swamp |   5171 |   5011 |    160 |   1310 |   2624 |   4 | 1292.8 |
   Spider Nest |   6548 |   6266 |    282 |   1705 |   3347 |   4 | 1637.0 |
  Orcish Mines |   3168 |   2719 |    449 |    699 |   1483 |   2 | 1584.0 |
   Elven Halls |   5201 |   5015 |    186 |   1474 |   2154 |   3 | 1733.7 |
        Vaults |  14783 |  13867 |    916 |   4120 |   5988 |   5 | 2956.6 |
         Crypt |   5136 |   4977 |    159 |   1487 |   2087 |   3 | 1712.0 |
        Depths |   8575 |   7953 |    622 |   3604 |   2400 |   4 | 2143.8 |
           Zot |   7248 |   6968 |    280 |   2113 |   3051 |   5 | 1449.6 |
       Ossuary |   1254 |   1254 |      0 |    311 |    398 |   1 | 1254.0 |
      Ice Cave |    434 |    434 |      0 |    239 |     14 |   1 |  434.0 |
        Wizlab |    830 |    830 |      0 |    198 |    218 |   1 |  830.0 |
    Desolation |    281 |    281 |      0 |    118 |      0 |   1 |  281.0 |
               +--------+--------+--------+--------+--------+-----+--------+

Top non-repeatable levels by time:
Vaults:3: 4200 daAuts
Vaults:2: 3219 daAuts
Depths:2: 2943 daAuts
   Elf:3: 2845 daAuts
Vaults:4: 2734 daAuts
Depths:3: 2573 daAuts
   Orc:2: 2496 daAuts
Vaults:5: 2361 daAuts
Vaults:1: 2268 daAuts
     D:6: 2198 daAuts
    D:13: 1905 daAuts
Spider:3: 1808 daAuts
 Crypt:2: 1795 daAuts
Depths:4: 1784 daAuts
   Zot:3: 1749 daAuts
